 Dungeon Crawl Stone Soup version 0.18.1-2-ga659475 (webtiles) character file.

47 oplop the Sneak (level 3, 0/18 HPs)
             Began as a Vine Stalker Assassin on May 8, 2016.
             Succumbed to Robin's poison
             ... on level 2 of the Dungeon.
             The game lasted 00:02:27 (1176 turns).

oplop the Sneak (Vine Stalker Assassin)             Turns: 1176, Time: 00:02:28

Health: 0/18       AC:  5    Str: 13    XL:     3   Next: 70%
Magic:  2/4        EV: 11    Int: 11    God:
Gold:   76         SH:  0    Dex: 16    Spells: 0 memorised, 2 levels left

rFire  . . .     SeeInvis .     o - +0 dagger (speed)
rCold  . . .     Gourm    .     i - +0 robe (curse)
rNeg   . . .     Faith    .     (no shield)
rPois  .         Spirit   +     l - +0 helmet
rElec  .         Dismiss  .     d - +0 cloak
rCorr  .         Reflect  .     m - +0 pair of gloves
SustAt .         Harm     .     (no boots)
MR     .....                    (no amulet)
Stlth  +++.......               (no ring)
                                (no ring)

@: lethally poisoned (0 -> -4), flying (expiring), not resistant to hostile
enchantments, fairly stealthy
A: fangs 2, regeneration 1, magic shield, antimagic bite, no device heal 3, rot
immunity
a: no special abilities


You were on level 2 of the Dungeon.
You were not hungry.

You visited 1 branch of the dungeon, and saw 2 of its levels.

You collected 76 gold pieces.

Inventory:

Hand Weapons
 a - a +2 dagger
 b - a +0 blowgun
 o - a +0 dagger of speed (weapon)
Missiles
 e - 42 poisoned needles
 f - 2 curare-tipped needles
Armour
 c - a +0 robe
 d - a +0 cloak (worn)
 i - a cursed +0 robe (worn)
 l - a +0 helmet (worn)
 m - a +0 pair of gloves (worn)
Jewellery
 k - a +2 ring of evasion {unknown}
Scrolls
 h - a scroll of fog {unknown}
 q - a scroll of identify {unknown}
 r - a scroll of random uselessness {unknown}
 u - a scroll of fear {unknown}
Potions
 j - a potion of magic {unknown}
 n - a potion of heal wounds {unknown}
Comestibles
 g - a bread ration
 s - 4 fruits


   Skills:
 + Level 2.1 Fighting
 + Level 2.4 Short Blades
 + Level 2.4 Throwing
 - Level 0.7 Dodging
 + Level 5.3 Stealth


You had 2 spell levels left.
You didn't know any spells.

Dungeon Overview and Level Annotations

Branches:
Dungeon (2/15)

Altars:
Yredelemnul

Annotations:
D:2 1 exclusion, Robin


Innate Abilities, Weirdness & Mutations

You have extremely sharp teeth.
Your natural rate of healing is unusually fast.
When hurt, damage is shared between your health and your magic reserves.
Your bite disrupts and absorbs the magic of your enemies.
Potions and wands cannot restore your health.
You are immune to rotting.


Message History

You feel sick. The goblin hits you.
* * * LOW HITPOINT WARNING * * *
The goblin misses you.
The goblin no longer looks unusually strong.
The goblin closely misses you. Robin throws the goblin at you!
* * * LOW HITPOINT WARNING * * *
Drink which item? (? for menu, Esc to quit)
It was a potion of flight.
You feel very buoyant.
You fly up into the air.
* * * LOW HITPOINT WARNING * * *
You feel sick.
The goblin no longer looks unusually strong.
The goblin hits you. The goblin misses you.
The giant cockroach closely misses you.
Drink which item? (? for menu, Esc to quit)
It was a potion of cancellation.
Your magical effects are unravelling.
You feel magically purged.
You die...

....###.# #........# .^Z^^ #.
.(gg# #.# #........# ##### #.
....# #.# #........####### #.
...g###.# ######.........# ##
....g##.###########.........#####
####.#...........##.........#...#
....g............##.........#...#
...gg........))s.##......<..#...#
............s)gg@##.........#...#
..g.........)..g.g.>.............
.....#......?....##.........#...#
.....#..###########.........#...#
.....#..# #.........#...#
#.........#...# ###########...#
#####


You could see Robin, 2 giant cockroaches, a hobgoblin and 2 goblins.

Vanquished Creatures
  A dart slug (D:1)
  A giant gecko (D:2)
  3 bats
  A giant cockroach (D:1)
  9 goblins
  11 hobgoblins
  2 jackals (D:2)
  3 kobolds (D:1)
  3 giant newts (D:1)
  4 rats
38 creatures vanquished.

Notes
Turn   | Place    | Note
--------------------------------------------------------------
     0 | D:1      | oplop the Vine Stalker Assassin began the quest for the Orb.
     0 | D:1      | Reached XP level 1. HP: 11/11 MP: 2/2
    66 | D:1      | Reached skill level 5 in Stealth
   144 | D:1      | Reached XP level 2. HP: 7/15 MP: 0/3
   513 | D:1      | Reached XP level 3. HP: 18/18 MP: 4/4
   809 | D:2      | Noticed Robin
   979 | D:2      | Found a basalt altar of Yredelemnul.
  1176 | D:2      | Succumbed to Robin's poison

Skill      XL: |  1  2  3 |
---------------+----------+-----
Stealth        | 5 |  5.3
Short Blades   | 2 |  2.4
Throwing       | 2 |  2.4
Fighting       | 2 |  2.1
Dodging        | |  0.7

Action                   || total
-------------------------++-------
Melee: Dagger            ||   147
       Bite              ||    31
  Use: Potion            ||     2
 Stab: Sleeping          ||     6
  Eat: Chunk             ||     1
Armor: Robe              ||    52
Dodge: Dodged            ||    83
